 Dungeon Crawl Stone Soup version 0.20.1-1-g8b1a95d (console) character file.

32 bli the Skirmisher (level 3, -2/30 HPs)
             Began as a Formicid Abyssal Knight on Aug 6, 2017.
             Was a Follower of Lugonu.
             Slain by a gnoll
             ... wielding a +0 halberd
              (3 damage)
             ... on level 2 of the Dungeon.
             The game lasted 00:04:33 (1530 turns).

bli the Skirmisher (Formicid Abyssal Knight)        Turns: 1530, Time: 00:04:34

Health: -2/30      AC:  3    Str: 16    XL:     3   Next: 45%
Magic:  4/4        EV: 11    Int: 11    God:    Lugonu [*.....]
Gold:   63         SH:  0    Dex: 11    Spells: 2/2 levels left

rFire    . . .     SeeInvis +   a - +1 short sword
rCold    . . .     Gourm    +   (no shield)
rNeg     . . .     Faith    .   b - +0 leather armour
rPois    .         Spirit   .   (helmet unavailable)
rElec    .         Reflect  .   (no cloak)
rCorr    .         Harm     .   (no gloves)
MR       .....                  (no boots)
Stlth    +.........             e - amulet of the gourmand
Regen    0.1/turn               o - ring of teleportation (curse)
MPRegen  0.1/turn               (no ring)

@: no status effects
A: permanent stasis, dig shafts and tunnels, four strong arms, antennae 3
a: Dig, Shaft Self, Depart the Abyss, Renounce Religion


You were on level 2 of the Dungeon.
You worshipped Lugonu.
Lugonu was aware of your devotion.
You were completely stuffed.

You visited 1 branch of the dungeon, and saw 2 of its levels.
You visited the Abyss 1 time.

You collected 63 gold pieces.

Inventory:

Hand Weapons
 a - a +1 short sword (weapon)
 s - a cursed -2 spear
Missiles
 d - 70 stones (quivered)
 r - 5 exploding tomahawks
Armour
 b - a +0 leather armour (worn)
 j - a +0 ring mail
Jewellery
 e - an amulet of the gourmand (around neck)
 o - a cursed ring of teleportation (left hand)
Scrolls
 g - a scroll of teleportation {unknown}
 i - 3 scrolls of recharging {unknown}
 l - 3 scrolls of identify {unknown}
 m - a scroll of fog {unknown}
 n - 2 scrolls of remove curse {unknown}
 q - a scroll of magic mapping {unknown}
 t - a scroll of amnesia {unknown}
Potions
 f - a potion of heal wounds {unknown}
 h - a potion of flight {unknown}
 k - a potion of brilliance {unknown}
 v - a potion of might {unknown}
Comestibles
 c - 2 bread rations
 p - a fruit
 u - 3 chunks of flesh


   Skills:
 * Level 4.0 Fighting
 + Level 2.2 Short Blades
 + Level 2.5 Armour
 + Level 1.1 Dodging
 * Level 1.0 Stealth
 + Level 2.2 Invocations


You had 2 spell levels left.
You didn't know any spells.

Dungeon Overview and Level Annotations

Branches:
Dungeon (2/15)

Altars:
Uskayaw
Xom


Innate Abilities, Weirdness & Mutations

You cannot be hasted, slowed, berserked, paralysed or teleported.
You can dig through walls and to a lower floor.
Your four strong arms can wield two-handed weapons with a shield.
You have a pair of large antennae on your head. (SInv)


Message History

A gnoll comes into view. It is wielding a halberd.
The gnoll shouts!
You hear a shout! x2
Found a pink potion.
A rat comes into view.
The gnoll hits you with a halberd!
You hit the gnoll but do no damage. You hit the gnoll.
The gnoll is lightly wounded.
The gnoll barely misses you.
You hit the gnoll but do no damage.
The gnoll is lightly wounded.
The gnoll barely misses you.
You hit the gnoll.
The gnoll is heavily wounded.
The gnoll hits you with a halberd!
* * * LOW HITPOINT WARNING * * *
You hit the gnoll.
The gnoll is severely wounded.
The gnoll hits you with a halberd.
You die...

### !r #### .#
#..########.####
#...@gr........#
##...#######.##.#
#.....# .#
############...##
.. {
#.............##
###{
#.###########.#
#.# #.# ##.####
##'## ......#
##...## .#.##.#
##.....# .#.#..#
##.....##


You could see a gnoll and a rat.

Vanquished Creatures
  A worm (D:2)
  2 dart slugs
  3 giant cockroaches
  4 hobgoblins
  3 bats
  2 frilled lizards (D:2)
  A goblin (D:2)
  3 kobolds (D:1)
  11 rats
  A plant (D:1)
31 creatures vanquished.

Notes
Turn   | Place    | Note
-------+----------+-------------------------------------------
     0 | Abyss:1  | bli the Formicid Abyssal Knight began the quest for the Orb.
     0 | Abyss:1  | Reached XP level 1. HP: 18/18 MP: 2/2
    71 | Abyss:1  | Noticed a rakshasa
    84 | D:1      | Escaped the Abyss
   373 | D:1      | Reached XP level 2. HP: 24/25 MP: 3/3
   379 | D:1      | Reached * piety under Lugonu
   974 | D:2      | Found a shimmering altar of Xom.
  1180 | D:2      | Reached XP level 3. HP: 30/30 MP: 4/4
  1187 | D:2      | Reached skill level 1 in Dodging
  1215 | D:2      | Found a hide-covered altar of Uskayaw.
  1397 | D:2      | Reached skill level 4 in Fighting
  1421 | D:2      | Reached skill level 1 in Stealth
  1529 | D:2      | HP: 1/30 [gnoll/halberd (11)]
  1530 | D:2      | Slain by a gnoll

Skill      XL: |  1  2  3 |
---------------+----------+-----
Dodging        | 1 |  1.1
Fighting       | 4 |  4.0
Stealth        | 1 |  1.0
Short Blades   | |  2.2
Armour         | |  2.5
Invocations    | |  2.2

Action                   || total
-------------------------++-------
Melee: Short sword       ||   170
Invok: Depart the Abyss  ||     1
 Abil: Dig               ||     1
  Eat: Chunk             ||    13
Armor: Leather armour    ||    25
Dodge: Dodged            ||    56
